 Dungeon Crawl Stone Soup version 0.28-a0-1520-gc3277d3759 (webtiles) character file.

Game seed: 5299424754358213382

1260 gruber the Fighter (level 8, -5/92 HPs)
             Began as an Ogre Hedge Wizard on Jan 17, 2022.
             Was an Initiate of Vehumet.
             Slain by an ice beast (10 damage)
             ... on level 5 of the Dungeon.
             The game lasted 00:11:53 (8309 turns).

gruber the Fighter (Ogre Hedge Wizard)              Turns: 8309, Time: 00:11:55

Health: -5/92      AC:  4    Str: 20    XL:     8   Next: 52%
Magic:  6/17       EV: 10    Int: 19    God:    Vehumet [......]
Gold:   159        SH:  0    Dex: 14    Spells: 11/19 levels left

rFire   . . .      SeeInvis .   w - +1 hand axe (flame)
rCold   . . .      Faith    .   (no shield)
rNeg    . . .      Spirit   .   r - +0 robe
rPois   .          Reflect  .   c - +0 hat
rElec   .          Harm     .   q - +0 cloak
rCorr   .          Rampage  .   (gloves unavailable)
Will    .....                   (boots unavailable)
Stlth   ++........              (no amulet)
HPRegen 0.25/turn               p - ring "Cehenwin" {Str+5 Int+2 Dex+6}
MPRegen 0.15/turn               (no ring)

@: very slightly contaminated
A: large, unfitting armour, tough skin 1
a: Renounce Religion


You were on level 5 of the Dungeon.
You worshipped Vehumet.
Vehumet was noncommittal.
You visited 2 branches of the dungeon, and saw 6 of its levels.

You collected 159 gold pieces.

Inventory:

Hand Weapons
 w - a +1 hand axe of flaming (weapon)
 x - a +0 trident
Missiles
 f - a throwing net
Armour
 c - a +0 hat (worn)
 q - a +0 cloak (worn)
 r - a +0 robe (worn)
Magical Staves
 v - a staff of conjuration
Jewellery
 p - the ring "Cehenwin" (left hand) {Str+5 Int+2 Dex+6}
   (You found it on level 3 of the Dungeon)

   [ring of dexterity]

   Str:       It affects your strength (+5).
   Int:       It affects your intelligence (+2).
   Dex:       It affects your dexterity (+6).
 y - an amulet of faith
Wands
 k - a wand of mindburst (5)
 l - a wand of iceblast (2)
Scrolls
 d - 7 scrolls of identify {unknown}
 e - 2 scrolls of noise {unknown}
 g - 4 scrolls of amnesia {unknown}
 i - 5 scrolls of immolation {unknown}
 m - 3 scrolls of fear {unknown}
 n - a scroll of teleportation {unknown}
 s - 2 scrolls of fog {unknown}
 t - a scroll of torment {unknown}
Potions
 a - a potion of mutation {unknown}
 b - 2 potions of heal wounds {unknown}
 h - 4 potions of lignification {unknown}
 j - a potion of resistance {unknown}
 o - a potion of invisibility {unknown}
 u - a potion of curing {unknown}
 z - 2 potions of haste {unknown}


   Skills:
 - Level 9.0 Fighting
 - Level 3.1 Dodging
 - Level 1.4 Stealth
 * Level 6.4 Spellcasting
 - Level 4.0 Conjurations
 - Level 0.8 Summonings
 - Level 0.8 Translocations


You had 11 spell levels left.
You knew the following spells:

 Your Spells              Type           Power      Damage    Failure   Level
a - Magic Dart            Conj           84%        1d7       1%          1
b - Blink                 Tloc           18%        N/A       12%         2
c - Call Imp              Summ           9%         N/A       12%         2
d - Mephitic Cloud        Conj/Pois/Air  11%        N/A       19%         3

Your spell library contained the following spells:

 Spells                   Type           Power      Damage    Failure   Level
 Sandblast                Erth           12%        2d6       11%         1
 Slow                     Hex            24%        N/A       11%         1
 Conjure Flame            Conj/Fire      13%        6-21      14%         3
 Stone Arrow              Conj/Erth      26%        3d8       14%         3
 Passwall                 Tmut/Erth      5%         N/A       16%         2
 Gell's Gravitas          Tloc           9%         N/A       22%         3
 Teleport Other           Tloc           9%         N/A       22%         3
 Dispersal                Tloc           4%         N/A       100%        6


Dungeon Overview and Level Annotations

Branches:
Dungeon (5/15)             Temple (1/1) D:5

Altars:
Ashenzari
Cheibriados
Dithmenos
Elyvilon
Fedhas
Gozag
Hepliaklqana
Kikubaaqudgha
Makhleb
Nemelex Xobeh
Okawaru
Qazlal
Ru
Sif Muna
Trog
Uskayaw
Vehumet
Yredelemnul
Zin
The Shining One

Shops:
D:3 *


Innate Abilities, Weirdness & Mutations

You are too large for most types of armour.
You have tough skin. (AC +1)


Message History

The ice beast is heavily wounded.
The ice beast hits you but does no damage.
Your crimson imp hits the ice beast.
The ice beast hits you. The ice beast freezes you!
You hit the ice beast.
You melt the ice beast.
The ice beast is severely wounded.
Your crimson imp misses the ice beast.
The ice beast hits you. The ice beast freezes you!
* * * LOW HITPOINT WARNING * * *
You hit the ice beast but do no damage.
The ice beast is severely wounded.
Your crimson imp closely misses the ice beast.
The ice beast hits you.
* * * LOW HITPOINT WARNING * * *
The ice beast freezes you!
* * * LOW HITPOINT WARNING * * *
Unknown command.
Casting: Magic Dart (safe; 1% risk of failure)
Confirm with . or Enter, or press ? or * to list all spells.
You blink.
Your crimson imp hits the ice beast.
Unknown command.
Unknown command.
Unknown command.
Found a viscous purple potion.
Found a club.
You feel stable enough to blink again.
Your crimson imp disappears in a puff of smoke!
Casting: Blink (safe; 12% risk of failure)
Confirm with . or Enter, or press ? or * to list all spells.
You blink.
Found a spear.
You feel stable enough to blink again.
Casting: Blink (safe; 12% risk of failure)
Confirm with . or Enter, or press ? or * to list all spells.
You miscast Blink.
You are very lightly contaminated with residual magic.
Nothing appears to happen.
The ice beast hits you.
* * * LOW HITPOINT WARNING * * *
The ice beast freezes you!
You die...

### ###
###....####.##.##
#...........#)..#
##..........##...#
#............##..#
#............##..#
......$........Y@###
...............)...#
.....§........####...#
...........#.!# ###...
.....§...##..## ..
###########..# # #..#
..## ##..#


You could see an ice beast.

Vanquished Creatures
  Sigmund (D:2)
  A necrophage (D:5)
  2 ogres
  A scorpion (D:3)
  A water moccasin skeleton (D:4)
  2 howler monkeys (D:4)
  A hound (D:5)
  Terence (D:1)
  3 orc wizards (D:4)
  A hound skeleton (D:4)
  5 adders
  6 gnolls
  A shadow imp (D:5)
  An adder skeleton (D:4)
  3 worms
  5 dart slugs
  10 orcs
  4 bats
  3 endoplasms
  5 giant cockroaches
  7 goblins
  9 hobgoblins
  6 jackals
  3 quokkas (D:1)
  6 ball pythons
  6 frilled lizards
  8 kobolds
  7 rats
109 creatures vanquished.

Vanquished Creatures (collateral kills)
  Prince Ribbit (D:5)
  A scorpion (D:5)
  An iguana (D:5)
  2 gnolls
  An adder (D:4)
  2 ball pythons (D:2)
8 creatures vanquished.

Grand Total: 117 creatures vanquished

Notes
Turn   | Place    | Note
-------+----------+-------------------------------------------
     0 | D:1      | gruber the Ogre Hedge Wizard began the quest for the Orb.
     0 | D:1      | Reached XP level 1. HP: 16/16 MP: 5/5
    17 | D:1      | You fall into a shaft and drop 1 floor!
    21 | D:2      | Reached skill level 1 in Conjurations
   112 | D:2      | Reached XP level 2. HP: 18/24 MP: 0/6
   513 | D:2      | Reached XP level 3. HP: 28/31 MP: 0/8
   763 | D:1      | Found a faded altar of an unknown god.
  1541 | D:1      | Reached XP level 4. HP: 23/39 MP: 9/9
  2213 | D:1      | Learned a level 2 spell: Blink
  2216 | D:1      | Learned a level 2 spell: Call Imp
  2220 | D:1      | Learned a level 3 spell: Mephitic Cloud
  2497 | D:2      | Noticed Terence
  2991 | D:2      | Noticed Sigmund
  3797 | D:3      | Reached skill level 1 in Fighting
  3832 | D:3      | Found an iron altar of Okawaru.
  3957 | D:3      | Reached XP level 5. HP: 25/49 MP: 2/10
  4001 | D:3      | Reached skill level 2 in Fighting
  4228 | D:3      | Found Qaseagh's General Store.
  4279 | D:3      | Identified the ring "Cehenwin" {Str+5 Int+2 Dex+6}
  4732 | D:1      | Killed Terence
  4733 | D:1      | Reached skill level 3 in Fighting
  4895 | D:2      | Killed Sigmund
  4896 | D:2      | Reached skill level 5 in Fighting
  4896 | D:2      | Reached XP level 6. HP: 43/67 MP: 2/11
  5209 | D:4      | Reached skill level 6 in Fighting
  5216 | D:4      | Reached skill level 7 in Fighting
  5216 | D:4      | Reached XP level 7. HP: 59/78 MP: 9/12
  5490 | D:5      | Entered Level 5 of the Dungeon
  5490 | D:5      | Noticed Prince Ribbit
  5537 | D:3      | Reached skill level 8 in Fighting
  6739 | D:4      | Reached skill level 9 in Fighting
  7392 | D:5      | Reached XP level 8. HP: 69/92 MP: 8/13
  7689 | D:5      | Found an ancient bone altar of Kikubaaqudgha.
  7831 | D:5      | Killed Prince Ribbit
  7832 | D:5      | Reached skill level 5 in Spellcasting
  7897 | D:5      | Found a staircase to the Ecumenical Temple.
  7934 | Temple   | Entered the Ecumenical Temple
  8177 | Temple   | Became a worshipper of Vehumet
  8294 | D:5      | HP: 4/92 [ice beast (12)]
  8309 | D:5      | Slain by an ice beast

Illustrated notes

Levels and vault maps discovered:
D:1:      psy_arrival_wood_between_worlds, layout_basic,
          chequers_ecumenical_altar_island
D:2:      layout_basic, cheibrodos_gnoll_hut, uniq_terence, uniq_sigmund
D:3:      layout_loops_ring, mainiacjoe_overflow_surrounded_room, serial_shops,
          nicolae_lakefront_shop
D:4:      layout_basic
D:5:      layout_cave_pods, gammafunk_temple_overflow_forgotten,
          minmay_temple_entry_hall, uniq_prince_ribbit1, uniq_grinder
Temple:   dpeg_five_rooms_temple

Skill      XL: |  1  2  3  4  5  6  7  8 |
---------------+-------------------------+-----
Conjurations   | 1 2 3 4 |  4.0
Fighting       | 1 5 7 9 |  9.0
Dodging        | 3 |  3.1
Spellcasting   | 6 |  6.4
Stealth        | |  1.4
Summonings     | |  0.8
Translocations | |  0.8

Action                   |  1- 3 |  4- 6 |  7- 9 || total
-------------------------+-------+-------+-------++-------
Melee: Dagger            |    43 |       |       ||    43
       Short sword       |    61 |       |       ||    61
       Punch             |     1 |       |       ||     1
       Spear             |       |    86 |    33 ||   119
       Hand axe          |       |       |    60 ||    60
 Cast: Magic Dart        |    69 |    80 |   108 ||   257
       Mephitic Cloud    |       |     6 |     2 ||     8
       Call Imp          |       |     6 |    10 ||    16
       Blink             |       |     2 |     2 ||     4
Evoke: Wand              |       |       |     2 ||     2
 Stab: Confused          |       |     9 |       ||     9
       Distracted        |       |     1 |       ||     1
       Sleeping          |       |     1 |       ||     1
Armor: Robe              |    41 |     6 |    31 ||    78
       Skin              |       |     3 |       ||     3
Dodge: Dodged            |    61 |    40 |    67 ||   168

Table legend: (Time is in decaauts)
 A = Elapsed time spent in this place.
 B = Non-inter-level travel time spent in this place.
 C = Inter-level travel time spent in this place.
 D = Time resting spent in this place.
 E = Time spent auto-exploring this place.
 F = Levels seen in this place.
 G = Mean time per level.
                   A        B        C        D        E       F      G
               +--------+--------+--------+--------+--------+-----+--------+
         Total |   8351 |   8010 |    341 |    550 |   6018 |   6 | 1391.8 |
       Dungeon |   8076 |   7767 |    309 |    550 |   5789 |   5 | 1615.2 |
        Temple |    274 |    243 |     31 |      0 |    229 |   1 |  274.0 |
               +--------+--------+--------+--------+--------+-----+--------+

Top non-repeatable levels by time:
     D:2: 1858 daAuts
     D:4: 1846 daAuts
     D:3: 1786 daAuts
     D:1: 1734 daAuts
     D:5: 850 daAuts
  Temple: 274 daAuts
